cohdb
Replays
Latest Replays
All Replays
Popular Replays
Top Player Replays
Match Explorer
How It Works
Community
CoH3 Stats
Reddit
Sign in to upload your games and track your stats! →
Sign in with Steam
Match 41300576
Unlisted
Match 41300576
Overview
Messages
Build Orders
End
Royal Engineer Section
Construct Section Command Post
Selects Canadian Shock Battlegroup
Infantry Section
Infantry Section
Infantry Section
Selects Attacking Spirit
Selects Canadian Shock Section
ML 3-inch Mortar Team
Construct Platoon Command Post
Construct Field Infirmary
Unlock M3 Stuart Light Tanks
Selects Incendiary Munitions
Selects Pyrotechnics
Grenade Package
M3 Stuart Light Tank
Vickers Machine Gun Team
Infantry Training
Canadian Shock Section
Selects Smoke Operation
Canadian Shock Section
MADAO
盗号的你妈死了?
0
0
Comments
sign in to comment!
No comments posted yet!